Map: World of Sleepers LE

Players

ButAlways - Winner!

  • Race: Protoss Protoss
  • Spawn Location: 7:00

Probe

  • Race: Protoss Protoss
  • Spawn Location: 1:00

VOD

Have the link to the VOD?

Description

Time

  • Played on: Sept. 7, 2019, 9:38 a.m.
  • Length: 8:51
Show
View Real Time Build Order
Export as new Build Order

ButAlways Protoss - Winner!

Build Orders: Oracle Opening, Blink Stalkers 

Get SALT Encoding   

  12  0:00  Probe  
  13  0:13  Probe  
  14  0:17  Pylon  
  14  0:25  Probe  
  15  0:33  Probe  
  15  0:35  Gateway  
  15  0:41  Probe  
  16  0:47  Assimilator  
  17  0:51  Probe  
  17  0:56  Assimilator  
  18  0:59  Probe  
  19  1:07  Probe  
  19  1:09  Gateway  
  19  1:17  Probe  
  20  1:25  Cybernetics Core  
  21  1:30  Probe  
  22  1:36  Pylon  
  22  1:42  Probe  
  23  2:01  Stargate  
  23  2:02  Adept x2  
  27  2:10  Warp Gate  
  27  2:13  Pylon  
  27  2:30  Pylon  
  27  2:35  Stalker  
  31  2:37  Oracle  
  32  3:00  Probe  
  32  3:02  Gateway  
  33  3:09  Oracle  
  32  3:14  Probe  
  36  3:36  Twilight Council  
  36  3:37  Nexus  
  36  3:40  Pylon  
  36  3:59  Shield Battery, Blink, Stalker  
  35  4:18  Stalker  
  35  4:19  Shield Battery  
  37  4:28  Probe  
  38  4:36  Stalker  
  40  4:40  Probe  
  41  4:49  Probe  
  41  4:52  Probe  
  43  4:57  Probe  
  43  5:00  Stalker  
  43  5:02  Sentry  
  43  5:04  Probe  
  43  5:05  Probe  
  47  5:16  Probe  
  46  5:23  Shield Battery  
  46  5:24  Stalker  
  46  5:25  Shield Battery, Stalker  
  48  5:28  Probe  
  48  5:32  Probe  
  50  5:38  Robotics Facility  
  50  5:41  Probe  
  51  5:49  Stalker  
  53  5:53  Stalker  
  53  6:06  Probe  
  53  6:11  Probe  
  55  6:12  Resonating Glaives  
  55  6:18  Immortal  
  55  6:21  Pylon  
  55  6:24  Pylon  
  55  6:28  Gateway  
  55  6:30  Gateway  
  59  6:45  Gateway  
  59  6:47  Gateway  
  59  6:54  Immortal  
  61  7:23  Warp Prism, Gateway  
  61  7:24  Gateway  
  61  7:25  Adept x2  
  61  7:27  Pylon x2  
  65  7:30  Adept x2  
  71  7:49  Adept x4  
  79  7:55  Adept  
  79  7:57  Observer, Adept  
  83  8:04  Pylon  
  84  8:06  Pylon  
  84  8:26  Adept x6  
  88  8:49  Adept x6  
Show
View Real Time Build Order
Export as new Build Order

Probe Protoss 

Build Orders: Oracle Opening, Phoenix Opening 

Get SALT Encoding   

  12  0:00  Probe  
  13  0:12  Probe  
  14  0:17  Pylon  
  14  0:24  Probe  
  15  0:32  Probe  
  15  0:37  Gateway  
  15  0:40  Probe  
  16  0:47  Assimilator  
  17  0:51  Probe  
  17  0:54  Assimilator  
  18  0:59  Probe  
  19  1:07  Gateway, Probe  
  19  1:17  Probe  
  20  1:23  Cybernetics Core  
  21  1:29  Probe  
  22  1:34  Pylon  
  22  1:41  Probe  
  23  1:54  Probe  
  24  2:03  Stargate, Adept x2  
  28  2:10  Pylon  
  28  2:21  Warp Gate, Probe  
  29  2:36  Probe  
  30  2:37  Stalker  
  34  2:50  Phoenix  
  32  2:56  Shield Battery, Stalker  
  32  2:57  Probe  
  37  3:09  Probe  
  37  3:10  Robotics Facility  
  36  3:39  Pylon  
  36  3:40  Oracle  
  39  3:49  Pylon  
  39  3:51  Nexus  
  33  4:12  Probe  
  29  4:19  Warp Prism  
  29  4:20  Probe  
  31  4:28  Probe  
  33  4:39  Probe  
  34  4:51  Probe  
  35  4:59  Adept x2  
  39  5:03  Probe  
  39  5:04  Probe  
  40  5:15  Probe x2  
  40  5:23  Probe x2  
  42  5:31  Probe  
  42  5:32  Probe  
  42  5:34  Observer  
  42  5:35  Sentry  
  46  5:38  Sentry  
  46  5:42  Probe  
  49  5:47  Probe  
  51  5:54  Probe  
  52  5:59  Immortal, Probe  
  51  6:06  Probe  
  51  6:10  Probe  
  48  6:15  Probe  
  48  6:18  Shield Battery, Probe  
  48  6:23  Probe  
  49  6:26  Probe  
  49  6:32  Probe, Zealot  
  53  6:33  Zealot  
  57  6:41  Immortal  
  61  6:52  Pylon  
  60  6:58  Zealot x2  
  58  7:08  Probe  
  58  7:15  Twilight Council  
  55  7:17  Pylon, Probe  
  55  7:20  Probe  
  61  7:24  Immortal, Sentry  
  61  7:29  Probe  
  64  7:30  Assimilator  
  64  7:32  Probe, Assimilator  
  64  7:33  Pylon  
  65  7:41  Probe  
  65  7:46  Probe  
  65  7:48  Robotics Bay  
  65  7:50  Stalker  
  65  7:51  Stalker  
  70  7:53  Probe  
  72  8:11  Shield Battery  
  71  8:14  Shield Battery  
  71  8:16  Shield Battery  
  71  8:18  Shield Battery  
  71  8:20  Sentry x2  
  71  8:23  Shield Battery  
  71  8:25  Shield Battery  
  71  8:26  Shield Battery  
  75  8:33  Gateway  
  68  8:44  Sentry x2  
Tags
 
Add a new tag
Caveats
  • Supply blocks, unpowered buildings, or Contaminate may cause inaccurate times.
  • Supply counts are checked every 10 seconds.